Workbook

Sheet Indice
A1: ANEXO TECNICO
A6: ARCHIVO EXCEL TECNICOS INVITACIONPUBLICA_PAGINA WEB
A7: Nombre de la Hoja | B7: Descripción | C7: Diligenciar por parte del oferente
A8: EMR | B8: Especificaciones Mínima requeridas del servicio | C8: NO
A9: Talento Humano | B9: Personal de Implementación | C9: SI
A10: Experiencia | B10: Experiencia del proponente | C10: SI
A11: CostoProductosServicio | B11: Costos de productos de servicios | C11: SI
A12: TotalCostos | B12: Total de costos de los servicios | C12: NO

Sheet EMR 
A1: ANEXO TECNICO
A6: ESPEFICICACIONES REQUERIDAS
A7: ITEM | B7: EMR-### | C7: Caracteristicas Técnicas | D7: CANTIDAD | E7: CARACTERÍSTICAS TÉCNICAS QUE SE OFERTAN | F7: NÚMERO FOLIO | G7: CUMPLE | H7: NO CUMPLE | I7: OBSERVACION
A8: 1 | B8: PAGINA WEB INSTITUCIONAL WWW.CANCER.GOV.CO
A9: 1.1.1. | B9: EMR-111 | C9: Obligaciones Especificas
A10: 1 | C10: El gestor de contenidos debe ser definido siguiendo un estándar de código abierto o propietario el cual permita realizar cambios tanto en el aspecto como en los contenidos de la página web sin depender de la empresa que gane la licitación (ser completamente administrable)
A11: 2 | C11: La realización de la página web debe contar con diseño web responsivo o adaptativo.
A12: 3 | C12: Debe cumplir con la normativa de Accesibilidad a páginas web aprobada bajo la Norma Técnica Colombiana (NTC) 5854 que establece los requisitos de accesibilidad que son aplicables a las páginas web en nivel AAA.
A13: 4 | C13: La gestión y administración de todos los contenidos que incluyen entre otros: menús, archivos, carpetas, usuarios, galerías de imágenes y demás contenidos digitales. Los archivos deben poderse editar y previsualizar antes de su publicación. Para facilitar la homogeneidad de la apariencia se usará una versión reducida que permita la visualización del sitio en los principales navegadores (Chrome, Safari, Internet Explorer “Microsoft Edge”, Mozilla, Opera, etc.) en el que se pueda mostrar información multimedia con la suficiente versatilidad.
A14: 5 | C14: La geolocalización web debe permitir al sitio web adaptarse a las necesidades culturales y lingüísticas de los usuarios por lo tanto debe incluir características que permitan gestionar la traducción y que permita recibir notificaciones cuando haya cambios en la página que tiene asociada.
A15: 6 | C15: La plataforma web debe manejar información multimedia y los ficheros deben guardarse en disco. Se deben poder incluir en la página web a través del gestor de contenidos.
A16: 7 | C16: La página web debe tener sistemas de seguridad que permitan el acceso a la información a menores de edad y la restricción a usuarios no validados.
A17: 8 | C17: Debe poderse configurar el menú para indicar distintos campos y debe permitir adjuntar archivos de distintos tipos.
A18: 9 | C18: Deben poderse configurar métodos de seguridad que eviten posibles abusos o accesos a la información generada.
A19: 10 | C19: El sistema debe poder generar alertas de seguridad que deben ser de al menos dos tipos: Simple: En los que se envía un correo a una dirección de email configurada previamente. Avanzado: Los datos se incluyen en una página que puede ser consultada por distintos usuarios autorizados (y a los que se les envía un email de aviso). En esa página se muestran estadísticas de uso. Además, se debe poder configurar la colocación de los distintos elementos del formulario con total flexibilidad. Se deben gestionar los mensajes usando un sistema de control de incidencias.
A20: 11 | C20: Gestión de eventos (calendario­agenda). Debe permitir que se puedan gestionar eventos que además pueden estar asociados a la gestión de noticias. De manera que se pueda establecer una fecha y hora de inicio y de fin. Además, se debe permitir que los eventos sean o no visibles en un determinado período, que tenga espacio para incluir la programación y el banner del evento. Además, las inscripciones y certificación de participantes en los eventos, con diligenciamiento previo de encuesta.
A21: 12 | C21: Gestión de redes sociales. Se debe poder indicar las redes sociales que se desean utilizar y poder configurar todos elementos necesarios. Además, debe permitir generar información publicable en distintas redes sociales de forma amigable.
... A63: 54 | C63: En los desarrollos que lo requieran, deberá acogerse al artículo 9 del Decreto 2106 de 2019 "Por el cual se dictan normas para simplificar, suprimir y reformar trámites, procesos y procedimientos innecesarios existentes en la administración pública. señala que, para lograr mayor nivel de eficiencia en la administración pública y una adecuada interacción con los ciudadanos y usuarios, garantizando el derecho a la utilización de medios electrónicos, las autoridades deberán integrarse y hacer uso del modelo de Servicios Ciudadanos Digitales. Este mismo artículo dispone que el Gobierno nacional prestará gratuitamente los Servicios Ciudadanos Digitales base y se implementarán por parte de las autoridades de conformidad con los estándares que establezca el MinTIC.
A64: 1.1.2. | B64: EMR-112 | C64: Caracteristicas Técnicas
A65: 1 | B65: Estrategias de desarrollo | C65: Se debe garantizar que todos los cambios, mejoras, modificaciones y cualquier nueva actualización y/o mejora de software realizado en el Portal web institucional, debe ser realizado manteniendo los mismos estándares de programación actuales entre los cuales se destacan:
A66: 2 | C66: Se deben usar las mismas convenciones para la definición de variables y constantes.
A67: 3 | C67: Se debe utilizar el mismo estilo de programación.
A68: 4 | C68: El código debe quedar perfectamente documentado en forma técnica y de usuario (manual técnico y de usuario en español, impreso y magnético).
A69: 5 | C69: Debe utilizar la misma estructura de archivos.
A70: 6 | C70: Debe utilizar componentes reutilizables.
A71: 7 | C71: Debe contemplar la imagen, colores y símbolos institucionales.
A72: 8 | C72: Cualquier labor de mantenimiento, actualización y/o mejora y/o soporte efectuada deberá quedar correctamente documentada, actualizando los manuales en línea que se vean afectados. Esta labor deberá obedecer a los estándares de desarrollo y documentación utilizados o aprobados por el Instituto Nacional de Cancerología.
A73: 9 | C73: Se requiere crear, desarrollar y/o implementar los siguientes módulos o funcionalidades
A74: 10 | B74: Módulos de administración | C74: Desarrollar o implementar el módulo de autenticación de usuarios para utilizar los servicios online que presta el INC (módulo de administración de usuarios que permita la creación o edición de contenidos) el cual debe incluir tipos de permisos como administrador, editor de contenido, autor u otros según se identifiquen en el levantamiento de requerimientos.
A75: 11 | C75: Crear un módulo para hacer copias de seguridad automáticas y manuales que incluyen los archivos de todos los desarrollos que componen el portal web institucional, bases de datos, logs y archivos multimedia, la automatización de las copias de seguridad debe ser administrable y personalizable según lo requiera la entidad.
A76: 12 | C76: Crear, desarrollar y programar un módulo o sistema de bitácora que permita gestionar todos los logs existentes por cada transacción, visita, modificación, creación o cualquier acción realizada en el portal web institucional, debe permitir la búsqueda simple, sencilla y eficiente de logs clasificados según lo requiera la entidad de todas las páginas web, micrositios, paginas artículos, noticias, componentes y módulos entre otros.
A77: 13 | C77: Crear, desarrollar y programar un sistema, módulo o plugin nativo que permita realizar la restauración a un estado anterior (automático o definido por el administrador) del portal web institucional.
A78: 14 | C78: Crear, desarrollar y programar un sistema, módulo o plugin nativo que permita entrar en modo mantenimiento el portal web institucional o alguna de sus páginas, noticias, artículos o componentes.
A79: 15 | B79: Módulos de diseño y personalización | C79: Crear desarrollar y programar un módulo o funcionalidad que permita realizar personalizaciones y desarrollos hechos a la medida, sin la intervención del fabricante.
A80: 16 | B80: Módulo de gestión de contenidos | C80: Crear, desarrollar y programar un sistema, módulo o plugin nativo para el portal web institucional que permita la traducción de contenidos a varios idiomas el cual cumpla con el nivel de Conformidad AAA establecido por la norma técnica colombiana 5854 y cumpla con los lineamientos y metodologías en usabilidad para gobierno en línea.
A81: 17 | C81: Crear, desarrollar y programar un sistema, módulo o plugin nativo para gestionar los medios digitales (videos, imágenes, animaciones) que permita hacer cargas masivas, realizar búsquedas básicas y avanzadas, realizar informes de los medios digitales, histórico, campos relevantes por los contenidos presentes en el portal web institucional, y realizar acciones masivas con dichos contenidos.
A82: 18 | C82: Crear, desarrollar y programar un sistema, módulo o plugin nativo que permita realizar el versionamiento de páginas web, noticias, artículos entre otros sobre cualquier cambio realizado en el portal web institucional.
A83: 19 | C83: Crear, desarrollar y programar un módulo que permita gestionar todos los sliders del portal web institucional, logrando la creación y posterior visualización de estos para diferentes secciones, páginas o artículos según sea requerido por la entidad.
A84: 20 | C84: Desarrollar o implementar el módulo de búsqueda y optimización SEO.
A85: 21 | C85: Crear, desarrollar y programar un módulo para tendencias (sitios recientes visitados).
A86: 22 | B86: Módulo de informes y reportes | C86: Crear, desarrollar y programar un módulo que permita visualizar mapa de calor, informes de auditoría, analíticas de tráfico, estadísticas generales y especificas relacionadas con el uso del portal web institucional, debe contar con una administración que permita configurar dichos informes en forma de filtros o vistas para descargar en formato DOCX, XLSX, JSON, XML, CSV y PDF.
A87: 23 | B87: Integración | C87: Crear desarrollar y programar un módulo para publicar y consumir APIs o WebServices, debe ofrecer opciones para la integración con otras aplicaciones, en caso de que se requiera.
A88: 24 | C88: El portal web se debe poder integrar con otros desarrollos web, que se encuentran ligados al portal actual del INC, además de los que se defina en el transcurso del proyecto. Tales como:
A89: 25 | C89: ü No fumar es la actitud
A90: 26 | C90: ü Biblioteca
A91: 27 | C91: ü Banco Nacional de Tumores Terry Fox
A92: 28 | C92: ü Donación de sangre
A93: 29 | C93: ü Guías y protocolos
A94: 30 | C94: ü Donaciones en línea
A95: 31 | C95: ü Doctor Peluche
A96: 32 | C96: ü Blog Institucional
A97: 33 | B97: Funcionalidades, módulos y paginas adicionales | C97: El portal web a desarrollar deberá tener como mínimo las mismas funcionalidades y páginas de contenido que tiene actualmente el sitio www.cancer.gov.co.
A98: 34 | C98: Crear y desarrollar una página de Somos INC de acuerdo con los lineamientos de GEL 3.0 y a los lineamientos de la política de Gobierno Digital.
A99: 35 | C99: Crear y desarrollar una página de transparencia y acceso a la información pública de acuerdo con los lineamientos de GEL 3.0 y a los lineamientos de la política de Gobierno Digital.
A100: 36 | C100: Crear y desarrollar o implementar un builder para landing pages, el cual cumpla con el nivel de Conformidad AAA establecido por la norma técnica colombiana 5854, cumpla con los lineamientos y metodologías en usabilidad para gobierno en línea y que permita la visualización y creación de formularios para guardar datos, banners, elementos gráficos y descripción de servicios de la entidad.
A101: 37 | C101: Crear y desarrollar o implementar un builder para la administración de artículos y noticias, el cual cumpla con el nivel de Conformidad AAA establecido por la norma técnica colombiana 5854, cumpla con los lineamientos y metodologías en usabilidad para gobierno en línea y que permita la visualización y creación de elementos interactivos.
A102: 38 | C102: Crear y desarrollar una página exclusiva de noticias que tenga una interfaz adecuada para publicar noticias (artículos, audios y videos) con su propio filtro de búsqueda que organice por fechas, categorías, tipo de medio digital y temas todas las noticias generadas por la entidad, adicional a esto debe contar con una línea de tiempo interactiva para estas noticias y el archivo histórico de la entidad.
A103: 39 | C103: Personalizar la página exclusiva de noticias para mostrar audios y videos de forma interactiva estilo podcast.
A104: 40 | C104: Crear, desarrollar y programar un módulo para integrar contenidos de redes sociales (visualización automática de contenidos de redes sociales de la entidad).
A105: 41 | C105: Crear, desarrollar y programar un módulo de calendario y manejo de eventos (donde se publiquen todos los eventos y actividades que ofrece el INC a sus grupos de interés).
A106: 42 | C106: Crear, desarrollar y programar un módulo de administración para gestión de alertas y anuncios.
A107: 43 | C107: Crear página para preguntas frecuentes que permita a los usuarios consultar información acerca de la entidad y los servicios que presta con opción de crear comunidades y comunicación entre ellos a través del portal web de la entidad.
A108: 44 | C108: Crear enlace para ventanilla Única VURI y portal gov.co.
A109: 45 | C109: Crear enlace para desarrollos de PQRSDF y demás formularios de solicitudes definidas por el INC.
... A114: 50 | C114: Crear, desarrollar y programar un chat o chatbot en línea (control de reportes, hora de conexión, correo electrónico, envío de adjuntos, manejo chat por usuario en ventanas independientes), para la resolución de preguntas frecuentes de acuerdo a requerimientos del INC.
A115: 51 | B115: Integración Módulo de Contratación | C115: El proponente deberá integrar dentro del portal web institucional, un acceso al proceso de publicación de la gestión contractual que tiene el INC, el cual está apoyado sobre la herramienta Auraportal.
A116: 52 | C116: Se debe tener integración con el flujo de trabajo interno de Gestión contractual del INC, el cual está apoyado sobre la herramienta Auraportal.
A117: 53 | B117: Modulo Trabaje con Nosotros | C117: Crear desarrollar y programar un módulo para publicar y gestionar las ofertas laborales que tiene el INC.
A118: 54 | C118: El módulo deber tener como mínimo las funcionalidades actuales.
A119: 55 | C119: Se debe permitir manejar un histórico de los procesos anteriores.
A120: 56 | C120: Dicho modulo deberá especificarse en la fase de levantamiento de requerimientos.
A121: 57 | B121: Sección Pediátrica | C121: Crear, desarrollar y programar micro sitio de atención para pacientes pediátricos para dar a conocer información relacionada con esta especialidad. El micrositio debe aplicar un lenguaje claro, limpio, pero a la vez ingenioso y fluido, generando un ambiente informativo, interactivo, participativo y de entretenimiento garantizando que los padres y niños entiendan los contenidos del sitio. Los contenidos a explicar serán suministrados por la entidad debe cumplir con la estrategia de política de gobierno digital.
A122: 58 | C122: Crear, desarrollar y programar el micrositio con base en el cumplimiento de los lineamientos y metodologías en usabilidad para gobierno digital.
A123: 59 | C123: Crear, desarrollar y programar el micrositio con base en el cumplimiento de la norma técnica colombiana 5854 de accesibilidad teniendo en cuenta que el nivel de conformidad debe ser de AA.
A124: 60 | C124: Crear, desarrollar y programar un sistema, módulo o plugin nativo para el portal de niños, que permita la traducción de contenidos a varios idiomas el cual cumpla con el nivel de Conformidad AAA establecido por la norma técnica colombiana 5854 y cumpla con los lineamientos y metodologías en usabilidad para gobierno en línea.
A125: 1.1.3. | B125: EMR-113 | C125: Caracteristicas Seguridad | E125: =C125 -> Caracteristicas Seguridad
A126: 1 | B126: Caracteristicas de seguridad | C126: El proveedor en todo momento debe garantizar la disponibilidad, Integridad, confidencialidad, trazabilidad y autenticidad del aplicativo/software/desarrollo objeto del contrato.
A127: 2 | C127: El proveedor debe asegurar que el aplicativo/software/desarrollo esté preparado para tener compatibilidad con el protocolo IPV6 (IPV6 ready).
A128: 3 | C128: Evitar suplantación de nombre, IP, URL
A129: 4 | C129: Verificar vulnerabilidades del portal web institucional.
A130: 5 | C130: Ejecutar análisis de vulnerabilidades del portal web institucional implementado.
A131: 6 | C131: Asegurar la navegación segura a través de HTTPS.
A132: 7 | C132: Asegurar técnicas de codificación segura.
A133: 8 | C133: Generar pruebas de intrusión.
A134: 9 | C134: Proteger la integridad, disponibilidad y confidencialidad de los datos y la imagen y reputación de la entidad.
A135: 10 | C135: Manipular URL o parámetros de interfaz de entrada común - CGI (en inglés Common Gateway Interface).
A136: 11 | C136: Evitar desbordamiento de buffer (en inglés Buffer Overflow).
A137: 12 | C137: Evitar accesibilidad al root (raíz) de las aplicaciones web: no se debe exponer el root del servidor web.
A138: 13 | C138: Proteger contra entradas malintencionadas.
... A170: 45 | C170: El PROVEEDOR debe propender por el buen uso de tipo laboral de recursos de canales, internet, correo y recursos tecnológicos del INC que le sean puestos disposición durante la duración del contrato.
A171: 1.1.4. | B171: EMR-114 | C171: Gestión de Proyectos | E171: =C171 -> Gestión de Proyectos
A172: 1 | B172: Fase de Inicio | C172: Elaboración del Project Chárter o acta de constitución del proyecto
A173: 2 | C173: Cronograma General de actividades
A174: 3 | C174: Matriz de Interesados
A175: 4 | C175: Matriz de Comunicaciones
A176: 5 | C176: Matriz de Riesgos
A177: 6 | B177: Planeación | C177: Documento de Plan de Gestión del Proyecto de Implementación del Proceso de Contratación en el iBPMS de Aura Portal
A178: 7 | C178: Cronograma detallado de actividades
A179: 8 | B179: Levantamiento de requerimientos | C179: La entrevista con los actores
A180: 9 | C180: El análisis de la documentación de los procesos.
...

Sheet TalentoHumano
A1: ANEXO TALENTO HUMANO
A7: EVALUACIÓN REQUISITOS EXIGIBLES | C7: PERFIL REQUERIDO
C8: Perfil | D8: Certificaciones | E8: Experiencia General | F8: Experiencia Especifica | G8: Tiempo experiencia a certificar | H8: Cantidad | I8: Cumple o No cumple | J8: Folio
A9: TALENTO HUMANO
A12: 1 | B12: =Perfiles!A2 -> Un (1) Gerente de proyecto | H12: 1 | J12: Registrar #folio hoja de vida
A13: 2 | B13: =Perfiles!A3 -> Un (1) desarrollador web senior | H13: 1 | J13: Registrar #folio hoja de vida
A14: 3 | B14: =Perfiles!A4 -> Un (1) Desarrollador UX Senior | H14: 1 | J14: Registrar #folio hoja de vida
A15: 4 | B15: =Perfiles!A5 -> Un (1) desarrolladores web semi senior | H15: 1 | J15: Registrar #folio hoja de vida
A16: 5 | B16: =Perfiles!A6 -> Un (1) SEO Especialista | H16: 1 | J16: Registrar #folio hoja de vida
A17: 6 | B17: =Perfiles!A7 -> Un (1) Diseñador gráfico y/o Maquetador Web. | H17: 1 | J17: Registrar #folio hoja de vida
A18: 7 | B18: =Perfiles!A8 -> Un (1) Oficial de seguridad de la información. | H18: 1 | J18: Registrar #folio hoja de vida
B20: Nota: Si el oferente considera que para cumplir alguno de los perfiles requeriere más de un recurso, lo puede ofertar sin que esto incremente los costos del personal.
B22: COMPAÑÍA PROPONENTE:
B23: DIRECCIÓN:
B24: TELÉFONO:
B25: CORREO ELECTRÓNICO:

Sheet Perfiles
A1: Cargo | B1: Dedicación | C1: Formación académica requerida | D1: Experiencia especifica requerida
A2: Un (1) Gerente de proyecto | B2: 0.5 | C2: Ingeniero de sistemas, telemática, electrónica, informática, telecomunicaciones, teleinformática o carreras dentro del mismo núcleo básico de conocimiento, con posgrado en gerencia de proyectos o posgrado dentro del mismo núcleo básico de conocimiento. | D2: Mínimo seis (6) años de experiencia en gerencia, dirección o coordinación de proyectos de implementación de sistemas de información, aplicaciones y/o portales web.
A3: Un (1) desarrollador web senior | B3: 1 | C3: Ingeniero de sistemas, telemática, electrónica, informática, telecomunicaciones, teleinformática o carreras dentro del mismo núcleo básico de conocimiento, con posgrado en ingeniería o arquitectura de software o posgrado dentro del mismo núcleo básico de conocimiento. | D3: Mínimo cuatro (4) años de experiencia en desarrollo de aplicaciones web tipo portal.
A4: Un (1) Desarrollador UX Senior | B4: 1 | C4: Ingeniero de sistemas, telemática, electrónica, informática, telecomunicaciones, teleinformática o carreras dentro del mismo núcleo básico de conocimiento. | D4: Minimo 4 (años) creando experiencias de marca digital excepcionales en una agencia digital superior en un rol de Design Lead o similar. Pensamiento altamente conceptual tanto en diseño visual como de interacción, así como una sólida comprensión del diseño de la funcionalidad intuitiva del sitio, interacción, interfaces de usuario y navegación.
A5: Un (1) desarrolladores web semi senior | B5: 1 | C5: Ingeniero de sistemas, telemática, electrónica, informática, telecomunicaciones, teleinformática o carreras dentro del mismo núcleo básico de conocimiento. | D5: Mínimo dos (2) años de experiencia en desarrollo de aplicaciones web tipo portal.
A6: Un (1) SEO Especialista | B6: 0.5 | C6: Profesional en comunicación social o profesional en publicidad o carreras dentro del mismo núcleo básico de conocimiento. Responsable de realizar la evaluación y auditorias SEO de un sitio web, planeación, coordinación de entregables y propuestas de posicionamiento estratégico. | D6: Mínimo dos (2) años de experiencia en estrategias digitales para portales web y/o creación de campañas publicitarias. Profesional con mínimo dos años de experiencia laboral en SEO. Debe tener conocimientos en SEO on page, SEO técnico, SEO estratégico y nivel de inglés B1; preferiblemente con conocimientos básicos en optimización de servidor para SEO y archivo htaccess. - Manejo de Search Console, Google Analytics (Preferiblemente con certificación vigente), SEMrush, Screaming Frog y demás herramientas de análisis de SEO. -
A7: Un (1) Diseñador gráfico y/o Maquetador Web. | B7: 0.5 | C7: Profesional en Diseño gráfico o Diseño digital o carreras dentro del mismo núcleo básico de conocimiento. | D7: Mínimo dos (2) años de experiencia en diseño web y/o maquetación para aplicaciones web tipo portal, utilizando estándares internacionales UI y UX.
A8: Un (1) Oficial de seguridad de la información. | B8: 0.25 | C8: Profesional en ingeniería de sistemas o carreras dentro del mismo núcleo básico de conocimiento, con posgrado en seguridad de la información o posgrado dentro del mismo núcleo básico de conocimiento. | D8: Mínimo tres (3) años de experiencia en desarrollo seguro (OWASP).

Sheet Experiencia
A1: ANEXO EXPERIENCIA
A6: EXPERIENCIA DEL PROPONENTE
A7: ITEM | B7: OBJETO | C7: ENTIDAD CONTRATANTE | D7: SECTOR ENTIDAD CONTRATANTE | E7: PLAZO EJECUCIÓN EN MESES | F7: FECHA DE INICIACIÓN | G7: FECHA DE TERMINACIÓN | H7: VALOR EN PESOS | I7: SMMLV
D8: (G, P) | F8: día/mes/año | G8: día/mes/año | I8: 877803
A9: 1 | H9: 0 | I9: =+H9/$I$8 -> 0
A10: 2 | H10: 0 | I10: =+H10/$I$8 -> 0
A11: 3 | H11: 0 | I11: =+H11/$I$8 -> 0
A12: 4 | H12: 0 | I12: =+H12/$I$8 -> 0
A13: 5 | H13: 0 | I13: =+H13/$I$8 -> 0
A14: 6 | H14: 0 | I14: =+H14/$I$8 -> 0
A15: 7 | H15: 0 | I15: =+H15/$I$8 -> 0
A16: 8 | H16: 0 | I16: =+H16/$I$8 -> 0
A17: 9 | H17: 0 | I17: =+H17/$I$8 -> 0
A18: 10 | H18: 0 | I18: =+H18/$I$8 -> 0
A19: 11 | H19: 0 | I19: =+H19/$I$8 -> 0
A20: 12 | H20: 0 | I20: =+H20/$I$8 -> 0
... A30: 22 | H30: 0 | I30: =+H30/$I$8 -> 0
A31: TOTALES | H31: =SUM(H9:H30) -> 0 | I31: =SUM(I9:I30) -> 0
B33: COMPAÑÍA PROPONENTE:
B34: DIRECCIÓN:
B35: TELÉFONO:
B36: CORREO ELECTRÓNICO:

Sheet CostoProductosServicio
A1: ANEXO COSTOS PRODUCTOS Y SERVICIOS
A6: CONVOCATORIA PÚBLICA N° XXX - 2020
A7: ITEM | B7: EMR-## | C7: DESCRIPCIÓN | D7: CANT | E7: COSTOS Contrato
E8: Vr. Unitario | F8: IVA % | G8: IVA Total | H8: Valor Total con IVA
E9: Pesos Colombianos, sin centavos
A10: ='EMR '!A218 -> 2 | B10: ='EMR '!B218:C218 -> IMPLEMENTACION | D10: =+D11 -> 1 | E10: =E11 -> 0 | G10: =G11 -> 0 | H10: =H11 -> 0
A11: ='EMR '!A219 -> 2.1 | B11: ='EMR '!B219 -> EMR-21 | D11: =SUM(D12) -> 1 | E11: =SUM(E12:E17) -> 0 | G11: =SUM(G12:G17) -> 0 | H11: =SUM(H12:H17) -> 0
A12: ='EMR '!A220 -> 1 | B12: ='EMR '!C220 -> Implementacion de los Micrositios, páginas, módulos y desarrollos adicionales de acuerdo al detalle del anexo tecnico No. 3 en su numeral 4, y de acuerdo con el cumplimiento de las obligaciones especificas, caracteristicas tecnicas, caracteristicas de seguridad, y gestión de proyectos, enumeradas en los EMR anteriormente descritos | D12: 1 | E12: 0 | F12: 0 | G12: =(+E12*F12)*D12 -> 0 | H12: =(D12*E12)+G12 -> 0
A13: ='EMR '!A221 -> 2 | B13: ='EMR '!C221 -> OPA: Campus Virtual de acuerdo con las especificaciones tecnicas del numeral 5 del anexo tecnico No.3 | D13: 1 | E13: 0 | F13: 0 | G13: =(+E13*F13)*D13 -> 0 | H13: =(D13*E13)+G13 -> 0
A14: ='EMR '!A222 -> 3 | B14: ='EMR '!C222 -> OPA: Consulta resultados Diagnósticos. de acuerdo con las especificaciones tecnicas del numeral 5 del anexo tecnico No.3 | D14: 1 | E14: 0 | F14: 0 | G14: =(+E14*F14)*D14 -> 0 | H14: =(D14*E14)+G14 -> 0
A15: ='EMR '!A223 -> 4 | B15: ='EMR '!C223 -> Trámite: Autorización servicios de salud de acuerdo con las especificaciones tecnicas del numeral 5 del anexo tecnico No.3 | D15: 1 | E15: 0 | F15: 0 | G15: =(+E15*F15)*D15 -> 0 | H15: =(D15*E15)+G15 -> 0
A16: ='EMR '!A224 -> 5 | B16: ='EMR '!C224 -> Trámite: Solicitud Historia Clínica de acuerdo con las especificaciones tecnicas del numeral 5 del anexo tecnico No.3 | D16: 1 | E16: 0 | F16: 0 | G16: =(+E16*F16)*D16 -> 0 | H16: =(D16*E16)+G16 -> 0
A17: ='EMR '!A225 -> 6 | B17: ='EMR '!C225 -> Trámite: Solicitud de cita médica de acuerdo con las especificaciones tecnicas del numeral 5 del anexo tecnico No.3 | D17: 1 | E17: 0 | F17: 0 | G17: =(+E17*F17)*D17 -> 0 | H17: =(D17*E17)+G17 -> 0
A18: ='EMR '!A226 -> 3 | B18: ='EMR '!B226 -> SOPORTE Y MANTENIMIENTO | D18: =D19 -> 1 | E18: =E19 -> 0 | G18: =G19 -> 0 | H18: =SUM(H19) -> 0
A19: ='EMR '!A227 -> 3.1 | B19: ='EMR '!B227 -> EMR-31 | D19: =SUM(D20:D20) -> 1 | E19: =SUM(E20:E20) -> 0 | G19: =SUM(G20:G20) -> 0 | H19: =SUM(H20:H20) -> 0
A20: ='EMR '!A228 -> 1 | B20: ='EMR '!C228 -> El contratista deberá brindar la estabilización y soporte técnico durante un año, a partir de la entrega a satisfacción del portal Web Institucional durante un (1) año a partir de la entrega a satisfacción de acuerdo con las especificaciones tecnicas del numeral 8 del anexo tecnico No.3. | D20: 1 | E20: 0 | F20: 0.19 | G20: =(+E20*F20)*D20 -> 0 | H20: =(D20*E20)+G20 -> 0
C21: TOTAL | G21: =G10+G18 -> 0 | H21: =H10+H18 -> 0
A24: COMPAÑÍA PROPONENTE:
A25: DIRECCIÓN:
A26: TELÉFONO:
A27: CORREO ELECTRÓNICO:
C31: ______________________________________________
C32: FIRMA REPRESENTANTE LEGAL

Sheet TotalCostos
A1: 0
A6: =CostoProductosServicio!A6 -> CONVOCATORIA PÚBLICA N° XXX - 2020
A7: RESUMEN COSTOS
A8: ITEM | B8: DESCRIPCIÓN | E8: COSTO TOTAL IVA INCLUIDO
A9: =CostoProductosServicio!A10 -> 2 | B9: =CostoProductosServicio!B10 -> IMPLEMENTACION | E9: =CostoProductosServicio!H10 -> 0 | F9: =#REF! -> #REF!
A10: =CostoProductosServicio!A18 -> 3 | B10: =CostoProductosServicio!B18 -> SOPORTE Y MANTENIMIENTO | E10: =CostoProductosServicio!H18 -> 0 | F10: =#REF! -> #REF!
B11: SUBTOTAL | E11: =SUM(E9:E10) -> 0 | F11: =#REF! -> #REF!
A15: TOTAL CONTRATO INCLUIDO IVA | D15: =E9+E10 -> 0 | E15: 300000000
B18: COMPAÑÍA PROPONENTE:
B19: DIRECCIÓN:
B20: TELÉFONO:
B21: CORREO ELECTRÓNICO:
B25: NOTA:
B26: Si los valores de la columnas Costo Total Iva Incluido no estan en verde, es un indicador de que los valores tope estimados sobrepasan el presupuesto
C32: ______________________________________________
C33: FIRMA REPRESENTANTE LEGAL
